 Dungeon Crawl Stone Soup version 0.30-a0-23-ge60ba3568b (webtiles) character file.

Game seed: 7777584300196920510

268993 uglyjohn the Crack Shot (level 19, -7/185 HPs)
             Began as a Minotaur Fighter on Aug 24, 2022.
             Was a High Priest of Okawaru.
             Mangled by a juggernaut skeleton (39 damage)
             ... led by a necromancer
             ... on level 2 of the Depths on Aug 25, 2022.
             The game lasted 02:38:44 (41928 turns).

uglyjohn the Crack Shot (Minotaur Fighter)         Turns: 41928, Time: 02:38:45

Health: -7/185     AC: 38    Str: 31    XL:     19   Next: 39%
Magic:  26/27      EV: 15    Int: 12    God:    Okawaru [*****.]
Gold:   1061       SH:  0    Dex: 15    Spells: 18/18 levels left

rFire   + . .      SeeInvis .    a - +5 battleaxe (vorpal)
rCold   + . .      Faith    .    (shield currently unavailable)
rNeg    . . .      Spirit   .    V - +6 plate armour of the Enchanted Forest {rPois Str+7 Int+5}
rPois   +          Reflect  .    Y - +2 hat
rElec   .          Harm     .    C - +2 cloak
rCorr   .          Rampage  .    s - +2 pair of gloves
Will    ++...                    M - +0 pair of boots "Zazaret" {Fly Dex+4}
Stlth   ..........               c - amulet of regeneration
HPRegen 1.20/turn                p - ring of protection from cold
MPRegen 0.20/turn                S - ring of protection from fire

@: heroic, finesse-ful, flying
A: horns 2, retaliatory headbutt, iridescent scales 1, clumsy 1, strong-willed
1, mutation resistance 1
}: 2/15 runes: decaying, serpentine
a: Renounce Religion, Heroism, Finesse, Duel


You were on level 2 of the Depths.
You worshipped Okawaru.
Okawaru was extremely pleased with you.
You visited 7 branches of the dungeon, and saw 33 of its levels.
You also visited: Ossuary.

You collected 4072 gold pieces.
You spent 3011 gold pieces at shops.

Inventory:

Hand Weapons
 a - a +5 vorpal battleaxe (weapon)
 b - a +3 triple crossbow
 x - a +2 battleaxe of freezing
 F - a +2 executioner's axe of pain
Armour
 s - a +2 pair of gloves (worn)
 C - a +2 cloak (worn)
 M - the +0 pair of boots "Zazaret" (worn) {Fly Dex+4}
   (Okawaru gifted it to you on level 3 of the Lair of Beasts)

   Dex:       It affects your dexterity (+4).
   Fly:       It grants you flight.
 V - the +6 plate armour of the Enchanted Forest (worn) {rPois Str+7 Int+5}
   (Okawaru gifted it to you on level 1 of the Snake Pit)

   Str:       It affects your strength (+7).
   Int:       It affects your intelligence (+5).
   rPois:     It protects you from poison.
 Y - a +2 hat (worn)
Jewellery
 c - an amulet of regeneration (around neck)
 d - a ring of fire
 e - a ring of see invisible
 f - a +4 ring of evasion
 h - a +4 ring of protection
 m - a ring of willpower
 p - a ring of protection from cold (left hand)
 y - a ring of willpower
 B - a ring of protection from cold
 O - an amulet of reflection
 S - a ring of protection from fire (right hand)
 U - a ring of poison resistance
Wands
 k - a wand of light (24)
 r - a wand of flame (60)
 u - a wand of mindburst (4)
 A - a wand of digging (2)
 R - a wand of polymorph (25)
 T - a wand of paralysis (28)
 W - a wand of roots (27)
Scrolls
 i - 8 scrolls of poison
 l - 16 scrolls of teleportation
 q - 2 scrolls of blinking
 w - 6 scrolls of fear
 z - 3 scrolls of silence
 D - 6 scrolls of enchant armour
 G - 3 scrolls of magic mapping
 K - 12 scrolls of identify
 N - a scroll of amnesia
Potions
 g - 4 potions of resistance
 j - 5 potions of cancellation
 o - 17 potions of curing
 t - a potion of brilliance
 v - 4 potions of invisibility
 E - a potion of magic
 H - 3 potions of berserk rage
 I - 3 potions of ambrosia
 J - 2 potions of heal wounds
 L - 2 potions of might
 P - 5 potions of haste
 Q - 5 potions of attraction
Miscellaneous
 n - a condenser vane


   Skills:
 - Level 20.0(25.0) Fighting
 - Level 20.0(25.0) Axes
 - Level 21.0(26.0) Ranged Weapons
 + Level 14.7(19.7) Armour
 - Level 9.1(14.1) Dodging
 - Level 7.3(12.3) Shields
 - Level 12.5 Invocations


You had 18 spell levels left.
You didn't know any spells.
Your spell library contained the following spells:

 Spells                   Type           Power      Damage    Failure   Level
 Magic Dart               Conj           0%         1d3       78%         1
 Sting                    Tmut/Pois      0%         1d3       78%         1
 Blink                    Tloc           0%         N/A       89%         2
 Ensorcelled Hibernation  Hex/Ice        0%         N/A       89%         2
 Passwall                 Tmut/Erth      0%         N/A       89%         2
 Poisonous Vapours        Pois/Air       0%         N/A       89%         2
 Scorch                   Fire           0%         2d5       89%         2
 Searing Ray              Conj           0%         2d4       89%         2
 Dazzling Flash           Conj/Hex       0%         N/A       98%         3
 Frozen Ramparts          Ice            0%         1d1       98%         3
 Ozocubu's Armour         Ice            0%         N/A       98%         3
 Swiftness                Air            0%         N/A       98%         3
 Corpse Rot               Necr/Pois/Air  0%         N/A       100%        4
 Dispel Undead            Necr           0%         3d6       100%        4
 Flame Wave               Conj/Fire      0%         2d4       100%        4
 Fulminant Prism          Conj/Hex       0%         3d6       100%        4
 Ice Form                 Ice/Tmut       0%         N/A       100%        4
 Leda's Liquefaction      Hex/Erth       0%         N/A       100%        4
 Olgreb's Toxic Radiance  Pois           0%         N/A       100%        4
 Lee's Rapid Deconstruct  Erth           0%         3d5*      100%        5
 Manifold Assault         Tloc           0%         N/A       100%        5
 Metabolic Englaciation   Hex/Ice        0%         N/A       100%        5
 Yara's Violent Unravell  Hex/Tmut       0%         3d3       100%        5
 Statue Form              Tmut/Erth      0%         N/A       100%        6
 Storm Form               Tmut/Air       0%         N/A       100%        7
 Summon Small Mammal      Summ           Unusable   N/A       N/A         1
 Summon Ice Beast         Ice/Summ       Unusable   N/A       N/A         4
 Death Channel            Necr           Unusable   N/A       N/A         6
 Simulacrum               Ice/Necr       Unusable   N/A       N/A         6
 Summon Cactus Giant      Summ           Unusable   N/A       N/A         6

Dungeon Overview and Level Annotations

Branches:
Dungeon (15/15)            Temple (1/1) D:5            Lair (5/5) D:11
  Swamp (4/4) Lair:2        Snake (4/4) Lair:3        Slime (0/5) Lair:4
    Orc (2/2) D:12            Elf (0/3) Orc:2        Vaults (0/5) D:14
 Depths (2/4) D:15        Ossuary (visited)

Altars:
Ashenzari
Cheibriados
Dithmenos
Elyvilon
Fedhas
Gozag
Hepliaklqana
Kikubaaqudgha
Makhleb
Nemelex Xobeh
Okawaru
Qazlal
Ru
Sif Muna
Trog
Uskayaw
Vehumet
Wu Jian
Xom
Yredelemnul
Zin
The Shining One
Jiyva
Lugonu

Shops:
D:2 *   D:6 =[(?(   D:8 =   Orc:2 =*([   Snake:2 (*

Portals:
Hell: Depths:1
Abyss: Depths:1
Pandemonium: Depths:1
Trove: D:15 (give 3 potions of resistance)

Annotations:
D:15 3 runed translucent doors, Xeubluj's ghost, journeyman GrWn
Lair:2 3 runed translucent doors, Hailok's ghost, journeyman MfGl
Swamp:3 2 transporters, diecastcamel's ghost, adept DrCj
Depths:2 2 runed translucent doors, Lusuiz's ghost, adept SpAK


Innate Abilities, Weirdness & Mutations

You have a pair of horns on your head.
You reflexively headbutt those who attack you in melee.
You are partially covered in iridescent scales. (AC +2)
You are clumsy. (Dex -2)
You are strong-willed. (Will+)
You are somewhat resistant to further mutation.


Message History

You closely miss the caustic shrike.
Your headbutt misses the caustic shrike.
The caustic shrike is severely wounded.
The caustic shrike barely misses you.
Unknown command.
You hit the caustic shrike.
Your headbutt misses the caustic shrike.
The caustic shrike is severely wounded.
The caustic shrike closely misses you.
Unknown command.
You slice the caustic shrike!!
You kill the caustic shrike!
Okawaru is honoured by your kill.
You slice the juggernaut skeleton!! You headbutt the juggernaut skeleton!
The juggernaut skeleton is moderately damaged.
You slice the juggernaut skeleton!!
You headbutt the juggernaut skeleton, but do no damage.
The juggernaut skeleton is heavily damaged.
You carve the flayed ghost like a ham!!!
Your headbutt misses the flayed ghost.
The flayed ghost is almost destroyed.
You hear a shout!
An iron dragon zombie comes into view.
You slice the flayed ghost!!
You destroy the flayed ghost!
Okawaru accepts your kill.
Items here: ! $ )) [ ††.
The titan waves its arms in wide circles.
The air twists around and strikes you!
* * * LOW HITPOINT WARNING * * *
There is an open door here.
Aiming: Bolt of Light
Press: ? - help, Shift-Dir - straight line The bolt of light hits the juggernaut skeleton!
The juggernaut skeleton is heavily damaged.
The juggernaut skeleton is blinded.
The bolt of light hits the iron dragon zombie.
The iron dragon zombie is lightly damaged.
The iron dragon zombie is blinded.
The juggernaut skeleton hits you!!!
You die...

#.....§.u
.'..................~~
#.......#.
#..................~~
#.......##
##..C.................
#........
#....)................
#.##W##.# ##'##
......... #.Z.#
........# #.).#
.......## #.Z.# ##@##
#............
##........~~~
#........~~~
.'...........
..#...........
####...........
............


You could see a titan, an iron dragon zombie (blind) and a juggernaut skeleton
(blind).

Vanquished Creatures
  A caustic shrike (Depths:2)
  Jorgrun (Snake:3)
  3 thorn hunters
  A shadow dragon (Depths:1)
  2 sphinxes (Depths:2)
  A tengu reaver (Depths:2)
  A storm dragon (Depths:2)
  4 nagarajas (Snake:4)
  2 fenstrider witches (Swamp:4)
  2 frost giants (Depths:2)
  An orc warlord (Orc:2)
  3 fire giants (Depths:2)
  2 ghouls
  A spriggan defender (Depths:2)
  3 vampire knights (Depths:1)
  The ghost of Sobieck the Thaumaturge, a journeyman OpCj of Ashenzari (Lair:3)
  5 stone giants
  6 bunyips
  6 eleionomae
  Snorg (D:11)
  A blizzard demon (Depths:1)
  2 ettins
  A merfolk javelineer (Depths:2)
  5 ice dragons
  2 fire dragons
  2 shambling mangroves
  3 ghost crabs
  4 salamander tyrants (Snake:4)
  4 vault guards (D:14)
  A merfolk avatar (Lair:5)
  A spriggan air mage (Depths:2)
  5 catoblepae
  21 hydras
  Erolcha (D:10)
  4 boulder beetles
  6 centaur warriors
  2 two-headed ogres
  20 anacondas
  16 naga warriors
  11 alligators
  7 death yaks
  A vampire mage (Depths:1)
  The ghost of Manisian the Summoner, a journeyman TeSu of Sif Muna (Orc:2)
  An orc high priest (Orc:2)
  3 tengu warriors
  8 shock serpents
  Sonja (Lair:1)
  14 naga sharpshooters
  9 hell knights
  A spriggan berserker (Depths:2)
  Nergalle (Orc:1)
  A deep elf knight (D:14)
  4 salamander mystics
  Amaemon (Lair:2)
  A sixfirhy (Depths:1)
  3 skeletal warriors (D:14)
  3 glowing orange brains
  A flayed ghost (Depths:2)
  11 naga ritualists
  2 death drakes (Swamp:3)
  4 goliath frogs
  A deep troll (shapeshifter) (Depths:2)
  12 swamp dragons
  A wizard (D:15)
  4 bog bodies (Swamp:1)
  A spriggan druid (Swamp:4)
  Pikel (D:9)
  A deep elf pyromancer (D:12)
  4 necromancers
  5 orc knights
  21 mana vipers
  28 ugly things
  6 will-o-the-wisps
  3 manticores
  A salamander (shapeshifter) (D:15)
  6 orc sorcerers
  8 slime creatures
  20 salamanders
  3 cyclopes
  15 elephants
  10 guardian serpents
  20 naga magi
  52 black mambas
  3 torpor snails
  A smoke demon (Depths:1)
  An orange demon (Lair:2)
  9 komodo dragons
  Maggie (D:9)
  9 cane toads
  4 kobold demonologists
  3 unseen horrors
  3 rime drakes
  A hellwing (Depths:1)
  An efreet (D:13)
  9 tyrant leeches
  A merfolk (D:9)
  A red devil (Depths:1)
  2 tengu conjurers (D:14)
  2 burning bushes (Lair:2)
  3 wind drakes (Lair:5)
  A polar bear (shapeshifter) (D:14)
  A bloated husk (Swamp:4)
  9 trolls
  18 hornets
  6 polar bears
  A blink frog (shapeshifter) (D:13)
  10 dream sheep
  7 blink frogs
  An ettin zombie (Depths:2)
  Sigmund (D:4)
  2 shadows
  3 wraiths
  3 water elementals
  14 spriggans
  6 wyverns
  34 yaks
  Grum (D:8)
  A human (shapeshifter) (D:13)
  5 steam dragons
  3 vampire mosquitoes
  4 basilisks
  11 swamp worms
  50 nagas
  6 wargs
  5 acid dragons
  11 water moccasins
  11 swamp drakes
  A meliai simulacrum (D:15)
  3 ice beasts
  5 sky beasts
  35 orc warriors
  13 black bears
  5 ogres
  27 wolves
  17 centaurs
  A lemure (D:9)
  3 kobold brigands
  15 bullfrogs
  2 necrophages
  12 scorpions
  3 gnoll sergeants
  12 wights
  14 killer bees
  A spectral ogre (Orc:2)
  13 electric eels
  5 howler monkeys
  5 gnoll boudas
  2 centaur zombies (Ossuary)
  7 hounds
  5 human zombies (Ossuary)
  5 jellies
  19 orc priests
  Jessica (D:2)
  19 orc wizards
  7 iguanas
  2 scorpion zombies (Ossuary)
  2 spectral orcs (Orc:2)
  Terence (D:2)
  3 mummies (Ossuary)
  Robin (D:2)
  14 gnolls
  3 adders
  2 shadow imps
  3 white imps
  An ufetubus (D:6)
  3 orc simulacra (Orc:2)
  A worm (D:5)
  52 orcs
  5 ball pythons
  4 bats
  9 endoplasms
  3 giant cockroaches
  6 gnoll zombies (Ossuary)
  17 goblins
  8 hobgoblins
  3 jackals (D:4)
  9 kobolds
  4 quokkas
  2 frilled lizards (D:3)
  2 hobgoblin zombies (Ossuary)
  3 kobold zombies (Ossuary)
  3 orc zombies (Ossuary)
  8 rats
  3 briar patches (Swamp:4)
1173 creatures vanquished.

Vanquished Creatures (others)
  An alligator (Swamp:3)
  A goliath frog (Swamp:4)
  A wizard (Depths:2)
  2 hornets (Swamp:3)
  A naga (Snake:4)
  A swamp worm (Swamp:4)
  An orc wizard (Orc:2)
  2 briar patches (Swamp:4)
  20 foxfires
  31 fungi
  189 plants
250 creatures vanquished.

Grand Total: 1423 creatures vanquished

Notes
Turn   | Place    | Note
-------+----------+-------------------------------------------
     0 | D:1      | uglyjohn the Minotaur Fighter began the quest for the Orb.
     0 | D:1      | Reached XP level 1. HP: 19/19 MP: 0/0
   497 | D:1      | Reached XP level 2. HP: 26/26 MP: 1/1
   561 | D:1      | You fall into a shaft and drop 1 floor!
   624 | D:2      | Noticed Robin
   636 | D:2      | Killed Robin
   637 | D:2      | Reached XP level 3. HP: 20/31 MP: 2/2
  1531 | D:1      | Reached skill level 5 in Axes
  1754 | D:2      | Found Qiorited's Assorted Antiques.
  1852 | D:2      | Noticed Jessica
  1862 | D:2      | Killed Jessica
  1863 | D:2      | Reached XP level 4. HP: 30/40 MP: 3/3
  2008 | D:2      | Noticed Terence
  2013 | D:2      | Killed Terence
  2513 | D:3      | Reached XP level 5. HP: 29/46 MP: 4/4
  3736 | D:4      | Reached XP level 6. HP: 53/53 MP: 5/5
  3826 | D:4      | Noticed Sigmund
  3840 | D:4      | HP: 1/53 [something (9)]
  3843 | D:4      | Killed Sigmund
  4120 | D:4      | Found an opulent altar of Gozag.
  4129 | D:4      | Found a basalt altar of Yredelemnul.
  4206 | D:4      | Noticed an ice beast
  4217 | D:4      | Killed an ice beast
  4218 | D:4      | Reached skill level 5 in Fighting
  4218 | D:4      | Reached skill level 5 in Armour
  4218 | D:4      | Reached skill level 5 in Shields
  4218 | D:4      | Reached XP level 7. HP: 61/61 MP: 6/6
  4390 | D:5      | Entered Level 5 of the Dungeon
  4593 | D:5      | Found a staircase to the Ecumenical Temple.
  4627 | Temple   | Entered the Ecumenical Temple
  4694 | Temple   | Became a worshipper of Warmaster Okawaru
  4722 | D:5      | Found a sand-covered staircase.
  4731 | Ossuary  | Entered an ossuary
  4867 | Ossuary  | Reached XP level 8. HP: 61/70 MP: 7/7
  5015 | Ossuary  | Reached * piety under Okawaru
  5528 | D:5      | Reached ** piety under Okawaru
  5647 | D:6      | Found Pupaet's Jewellery Shoppe.
  5720 | D:2      | Bought a heavily runed garnet amulet for 110 gold pieces
  5720 | D:2      | Identified the amulet of Pakhischaeke {RegenMP Contam
                  | Will+++ Int-2 Dex+7} (You bought it in a shop on level 2 of
                  | the Dungeon)
  5867 | D:6      | Reached XP level 9. HP: 78/78 MP: 8/8
  5880 | D:6      | Identified the +3 whip of Woe {freeze, rF+}
  5890 | D:6      | Reached skill level 10 in Axes
  6596 | D:6      | Found Mezuw's Magic Scroll Shoppe.
  6616 | D:6      | Found Xiadotovo's Weapon Boutique.
  6619 | D:6      | Bought a +0 arbalest for 63 gold pieces
  6678 | D:6      | Found Zosobyac's Weapon Emporium.
  6816 | D:6      | Found Bisir's Armour Emporium.
  6909 | D:6      | Found a sparkling altar of Nemelex Xobeh.
  6914 | D:6      | Found a shimmering blue altar of Sif Muna.
  7104 | D:7      | Reached skill level 1 in Ranged Weapons
  7112 | D:7      | Reached skill level 1 in Invocations
  7122 | D:7      | Reached *** piety under Okawaru
  7123 | D:7      | Reached skill level 2 in Ranged Weapons
  7324 | D:7      | Reached skill level 3 in Ranged Weapons
  7451 | D:7      | Reached skill level 4 in Ranged Weapons
  7707 | D:7      | Found a shadowy altar of Dithmenos.
  7810 | D:7      | Found a shimmering altar of Xom.
  7810 | D:7      | Found a sacrificial altar of Ru.
  7816 | D:7      | Found a snail-covered altar of Cheibriados.
  7818 | D:7      | Found a glowing silver altar of Zin.
  7819 | D:7      | Found a blossoming altar of Fedhas.
  7826 | D:7      | Found a burning altar of Makhleb.
  7827 | D:7      | Found a radiant altar of Vehumet.
  8004 | D:8      | Paralysed by a hornet for 3 turns
  8141 | D:8      | Reached skill level 5 in Ranged Weapons
  8239 | D:8      | Found Ufes's Jewellery Boutique.
  8398 | D:8      | Bought a ring of poison resistance for 240 gold pieces
  8697 | D:8      | Reached XP level 10. HP: 65/86 MP: 12/12
  8699 | D:8      | Reached skill level 5 in Invocations
  8699 | D:8      | Reached **** piety under Okawaru
  8986 | D:8      | Noticed a cyclops
  8986 | D:8      | Noticed a manticore
  9009 | D:8      | Noticed Grum
  9017 | D:8      | Killed Grum
  9018 | D:8      | Reached skill level 6 in Ranged Weapons
 10072 | D:9      | Reached skill level 7 in Ranged Weapons
 11189 | D:9      | Noticed Pikel
 11416 | D:9      | Killed Pikel
 11417 | D:9      | Reached skill level 8 in Ranged Weapons
 11786 | D:9      | Reached ***** piety under Okawaru
 12120 | D:9      | Received a gift from Okawaru
 12122 | D:9      | Reached skill level 9 in Ranged Weapons
 12453 | D:9      | Reached XP level 11. HP: 81/92 MP: 14/14
 12781 | D:9      | Noticed a two-headed ogre
 12790 | D:9      | Killed a two-headed ogre
 12790 | D:9      | Received a gift from Okawaru
 13244 | D:9      | Noticed Maggie
 13253 | D:9      | Killed Maggie
 13273 | D:9      | Reached skill level 10 in Ranged Weapons
 13479 | D:9      | Found a basalt altar of Yredelemnul.
 13873 | D:10     | Entered Level 10 of the Dungeon
 13906 | D:10     | Noticed Erolcha
 14065 | D:10     | Killed Erolcha
 14128 | D:10     | Reached skill level 11 in Ranged Weapons
 14768 | D:11     | Noticed a green ugly thing
 14792 | D:11     | Killed a green ugly thing
 14966 | D:11     | Reached XP level 12. HP: 97/100 MP: 15/15
 14971 | D:11     | Noticed Snorg
 14985 | D:11     | Killed Snorg
 15004 | D:11     | Received a gift from Okawaru
 15040 | D:11     | Found a staircase to the Lair.
 15302 | D:11     | Identified the +9 falchion of the Dead {flame, *Rage rN++
                  | Dex+4}
 15658 | Lair:1   | Entered Level 1 of the Lair of Beasts
 15850 | Lair:1   | Reached skill level 12 in Ranged Weapons
 15860 | Lair:1   | Reached skill level 10 in Armour
 15880 | Lair:1   | Noticed Sonja
 15889 | Lair:1   | Killed Sonja
 16485 | Lair:2   | Reached skill level 15 in Axes
 16497 | Lair:2   | Noticed a catoblepas
 16516 | Lair:2   | Killed a catoblepas
 16812 | Lair:2   | Found a staircase to the Swamp.
 16948 | Lair:2   | Noticed a seven-headed hydra
 16956 | Lair:2   | Killed a seven-headed hydra
 16956 | Lair:2   | Received a gift from Okawaru
 16957 | Lair:2   | Reached skill level 13 in Ranged Weapons
 17058 | Lair:2   | Noticed Amaemon
 17068 | Lair:2   | Killed Amaemon
 17097 | Lair:2   | Reached XP level 13. HP: 99/111 MP: 12/16
 17239 | Lair:2   | Found a runed translucent gate.
 17241 | Lair:2   | Noticed Hailok's ghost (journeyman MfGl)
 17242 | Lair:2   | Found a runed translucent gate.
 17245 | Lair:2   | Found a runed translucent gate.
 17439 | Lair:2   | Reached skill level 10 in Fighting
 17666 | Lair:3   | Reached ****** piety under Okawaru
 17771 | Lair:3   | Identified the +0 pair of boots "Zazaret" {Fly Dex+4}
                  | (Okawaru gifted it to you on level 3 of the Lair of Beasts)
 17771 | Lair:3   | Received a gift from Okawaru
 17795 | Lair:3   | Reached skill level 1 in Dodging
 17852 | Lair:3   | Found a runed translucent gate.
 17853 | Lair:3   | Found a runed translucent gate.
 17855 | Lair:3   | Found a runed translucent gate.
 17858 | Lair:3   | Noticed Sobieck's ghost (journeyman OpCj)
 18024 | Lair:3   | Found a staircase to the Snake Pit.
 18460 | Lair:3   | Reached skill level 14 in Ranged Weapons
 18773 | Lair:3   | Found a viscous altar of Jiyva.
 19274 | Lair:4   | Found a viscous altar of Jiyva.
 19275 | Lair:4   | Found a staircase to the Slime Pits.
 19778 | Lair:5   | Entered Level 5 of the Lair of Beasts
 19999 | Lair:4   | Reached skill level 5 in Dodging
 20138 | Lair:5   | Received a gift from Okawaru
 20145 | Lair:5   | Reached XP level 14. HP: 111/122 MP: 17/17
 20413 | Lair:4   | Reached skill level 15 in Ranged Weapons
 20859 | Lair:5   | Identified the +0 hat "Syhius" {Fly} (Okawaru gifted it to
                  | you on level 5 of the Lair of Beasts)
 20859 | Lair:5   | Received a gift from Okawaru
 21641 | D:12     | Found a staircase to the Orcish Mines.
 22530 | Orc:1    | Entered Level 1 of the Orcish Mines
 22663 | Orc:2    | Entered Level 2 of the Orcish Mines
 23029 | Orc:1    | Noticed Nergalle
 23044 | Orc:1    | Killed Nergalle
 23216 | Orc:2    | Found a runed translucent gate.
 23218 | Orc:2    | Found a runed translucent gate.
 23218 | Orc:2    | Found a runed translucent gate.
 23222 | Orc:2    | Noticed Manisian's ghost (journeyman TeSu)
 23378 | Orc:2    | Reached skill level 16 in Ranged Weapons
 23466 | Orc:2    | Found a staircase to the Elven Halls.
 23521 | Orc:2    | Noticed an orc warlord
 23944 | Orc:2    | Paralysed by an orc sorcerer for 2 turns
 24045 | Orc:2    | Killed an orc warlord
 24088 | Orc:2    | Found Lulip's Antique Weapon Boutique.
 24104 | Orc:2    | Found Coxeam's Jewellery Boutique.
 24122 | Orc:2    | Found Moz Daizanle's Antique Armour Boutique.
 24139 | Orc:2    | Found Nixtiu's General Store.
 24146 | Orc:2    | Bought a scroll of blinking for 112 gold pieces
 24146 | Orc:2    | Bought a scroll of blinking for 112 gold pieces
 24146 | Orc:2    | Bought a scroll of identify for 30 gold pieces
 24162 | Orc:2    | Bought a ring of see invisible for 240 gold pieces
 24175 | Orc:2    | Gained mutation: You are strong-willed. (Will+) [potion of
                  | mutation]
 24175 | Orc:2    | Gained mutation: You are partially covered in iridescent
                  | scales. (AC +2) [potion of mutation]
 24175 | Orc:2    | Gained mutation: You are somewhat resistant to further
                  | mutation. [potion of mutation]
 24221 | Orc:2    | Bought a fading plate armour for 644 gold pieces
 24221 | Orc:2    | Identified the +8 plate armour of the Bequeathed God
                  | {Int+7} (You bought it in a shop on level 2 of the Orcish
                  | Mines)
 24238 | Orc:2    | Bought a pair of glowing boots for 172 gold pieces
 24392 | Orc:2    | Killed Manisian's ghost
 24618 | Lair:3   | Killed Sobieck's ghost
 24618 | Lair:3   | Received a gift from Okawaru
 24619 | Lair:3   | Reached XP level 15. HP: 88/127 MP: 11/18
 25175 | D:13     | Found a bloodstained altar of Trog.
 25488 | D:13     | Got the Directory of the Unified Oath
 25938 | D:14     | Received a gift from Okawaru
 26054 | D:14     | Identified the +10 trident of Ignis, Hurling {vorpal, rC+
                  | Str+5}
 26301 | D:14     | Reached skill level 17 in Ranged Weapons
 26349 | D:14     | Found a gate to the Vaults.
 26527 | D:14     | Found a glowing golden altar of the Shining One.
 26565 | D:15     | Entered Level 15 of the Dungeon
 26627 | D:15     | Noticed Xeubluj's ghost (journeyman GrWn)
 26639 | D:15     | Found a runed translucent gate.
 26639 | D:15     | Found a runed translucent gate.
 26703 | D:15     | Found a white marble altar of Elyvilon.
 26703 | D:15     | Found a glowing golden altar of the Shining One.
 26703 | D:15     | Found a glowing silver altar of Zin.
 27076 | D:15     | Found a runed translucent gate.
 27537 | D:15     | Found a staircase to the Depths.
 27761 | D:15     | Found a portal to a secret trove of treasure.
 28022 | Swamp:1  | Entered Level 1 of the Swamp
 28141 | Swamp:1  | Identified the +1 hat "Aralawno" {rC++ Int+4 Dex-2}
                  | (Okawaru gifted it to you on level 1 of the Swamp)
 28141 | Swamp:1  | Received a gift from Okawaru
 28142 | Swamp:1  | Reached skill level 18 in Ranged Weapons
 28504 | Swamp:1  | Reached XP level 16. HP: 59/136 MP: 21/21
 30205 | Swamp:3  | Found a transporter.
 30206 | Swamp:3  | Noticed diecastcamel's ghost (adept DrCj)
 30243 | Swamp:3  | Noticed a thorn hunter
 30391 | Swamp:3  | Received a gift from Okawaru
 30523 | Swamp:3  | Found a transporter.
 30985 | Swamp:3  | Noticed a thorn hunter
 30994 | Swamp:3  | Killed a thorn hunter
 31334 | Swamp:4  | Entered Level 4 of the Swamp
 31348 | Swamp:4  | Noticed a thorn hunter
 31466 | Swamp:3  | Killed a thorn hunter
 31578 | Swamp:3  | Identified the +1 animal skin of Faorut {rN+ rCorr}
                  | (Okawaru gifted it to you on level 3 of the Swamp)
 31578 | Swamp:3  | Received a gift from Okawaru
 32144 | Swamp:4  | Identified the +6 short sword of Ygoym {freeze, Str+2}
 32800 | Swamp:4  | Noticed a thorn hunter
 32919 | Swamp:4  | Reached XP level 17. HP: 152/152 MP: 23/23
 33003 | Swamp:4  | Reached skill level 10 in Invocations
 33031 | Swamp:4  | Got a decaying rune of Zot
 33241 | Snake:1  | Entered Level 1 of the Snake Pit
 33418 | Snake:1  | Identified the +6 plate armour of the Enchanted Forest
                  | {rPois Str+7 Int+5} (Okawaru gifted it to you on level 1 of
                  | the Snake Pit)
 33418 | Snake:1  | Received a gift from Okawaru
 34469 | Snake:2  | Found Qoeqoel's Assorted Antiques.
 34481 | Snake:2  | Bought a potion of curing for 102 gold pieces
 34481 | Snake:2  | Bought a potion of curing for 102 gold pieces
 34481 | Snake:2  | Bought a scroll of identify for 68 gold pieces
 34481 | Snake:2  | Bought a wand of light (6) for 856 gold pieces
 34612 | Snake:2  | Found Sus Suac's Firing Range.
 34620 | Snake:2  | Bought a +0 triple crossbow for 160 gold pieces
 35543 | Snake:3  | Reached skill level 19 in Ranged Weapons
 35657 | Snake:3  | Received a gift from Okawaru
 35981 | Snake:3  | Identified the +5 mace of Rioffir {drain, rC+ SInv}
 36251 | Snake:3  | Reached skill level 20 in Ranged Weapons
 36251 | Snake:3  | Reached XP level 18. HP: 119/160 MP: 26/26
 36470 | Snake:3  | Noticed Jorgrun
 36480 | Snake:3  | Killed Jorgrun
 36925 | Snake:4  | Entered Level 4 of the Snake Pit
 37055 | Snake:4  | Reached skill level 15 in Fighting
 37247 | Snake:4  | Received a gift from Okawaru
 37983 | Snake:4  | Reached skill level 21 in Ranged Weapons
 39086 | Snake:4  | Got a serpentine rune of Zot
 39768 | Depths:1 | Entered Level 1 of the Depths
 39942 | Depths:1 | Found a gateway to Hell.
 39998 | Depths:1 | Received a gift from Okawaru
 40009 | Depths:1 | Found a corrupted altar of Lugonu.
 40009 | Depths:1 | Found a one-way gate to the infinite horrors of the Abyss.
 40342 | Depths:1 | Gained mutation: You are clumsy. (Dex -2) [mutagenic glow]
 40402 | Depths:1 | Found a one-way gate leading to the halls of Pandemonium.
 40722 | Depths:1 | Reached XP level 19. HP: 156/180 MP: 27/27
 41008 | Depths:1 | Found a white marble altar of Elyvilon.
 41270 | Depths:2 | Found a glowing silver altar of Zin.
 41308 | Depths:2 | Identified the +0 robe of Kleptomania {rF+ Int-3 Stlth+}
                  | (Okawaru gifted it to you on level 2 of the Depths)
 41308 | Depths:2 | Received a gift from Okawaru
 41717 | Depths:2 | Paralysed by a vampire knight for 4 turns
 41798 | Depths:2 | Identified the +4 leather armour "Hukexozo" {Int+4 Dex+4}
 41837 | Depths:2 | Identified the +4 great mace of the Ecumenical Temple
                  | {venom, MP-9 Int+3 Dex+4}
 41848 | Depths:2 | Found a large runed translucent door.
 41848 | Depths:2 | Found a large runed translucent door.
 41850 | Depths:2 | Noticed Lusuiz's ghost (adept SpAK)
 41878 | Depths:2 | Noticed a caustic shrike
 41920 | Depths:2 | Killed a caustic shrike
 41928 | Depths:2 | Mangled by a juggernaut skeleton

Illustrated notes

Levels and vault maps discovered:
D:1:      dpeg_arrival_chambers_temple_mockup, layout_loops_corners,
          serial_bayou_pond_a
D:2:      layout_basic, serial_shops, nicolae_shop_advertising_works
          [nicolae_subvault_shop_adworks], uniq_robin, uniq_jessica,
          uniq_terence
D:3:      layout_loops_corners, minmay_misc_feat_hallway,
          kennysheep_flooded_box, corner_web_ring
D:4:      layout_loops_ring, mainiacjoe_overflow_swirl, uniq_sigmund
D:5:      layout_rooms, minmay_temple_entry_tees,
          nicolae_ossuary_entry_monument, minmay_strange_pillars,
          hangedman_decor_push, chequers_serial_rivers_micro_c, feat_on_display
D:6:      layout_rooms, mainiacjoe_overflow_big_doors, serial_shops, shop,
          nicolae_shop_window_shopping, shop, nicolae_shop_behind_doors, shop
D:7:      layout_rooms, lemuel_crystal_altar,
          nicolae_overflow_hallway_of_the_gods, hangedman_misty_isle
D:8:      layout_loops_cross, serial_shops, shop, corexii_corridor_pit,
          lightli_corner_chamber, uniq_grum
D:9:      kennysheep_town, uniq_maggie, uniq_pikel
D:10:     layout_cave_pools, uniq_erolcha
D:11:     layout_gridville, erik_lair_island, uniq_snorg
D:12:     minmay_goldmine, layout_long_grid, david_orc_1_choice
D:13:     minmay_angry_zag, layout_basic, st_stairs_3, trog_butcher_becter
D:14:     layout_cross, grunt_vaults_entry_fortified, tso_altar
D:15:     grunt_enter_depths_snipers, layout_small_grid, enter_trove_6,
          gammafunk_ghost_split, good_gods_mini_temple
Temple:   nicolae_temple_bog_church
Lair:1:   layout_roguey, lemuel_fruit_fields, lemuel_fruit_tree,
          serial_bayou_shore_a, uniq_sonja
Lair:2:   layout_misc_corridors, minmay_swamp_entry_reptiles,
          gammafunk_ghost_hydra_chop, evilmike_ambush
          [evilmike_ambush_outer_doors, evilmike_ambush_inner_basic],
          uniq_amaemon
Lair:3:   gammafunk_indiana_jones, layout_loops_ring,
          minmay_snake_entry_guardpost_medium, gammafunk_ghost_ooze,
          chequers_serial_rivers_small_b, nicolae_quartered_pool_little
Lair:4:   layout_regular_city, dpeg_slime_entry_enclosed,
          chequers_serial_rivers_micro_a
Lair:5:   gammafunk_lair_ancient_temple, layout_misc_corridors,
          infiniplex_staircase_pool_2
Swamp:1:  layout_basic_swamp, hangedman_swamp_cone
Swamp:2:  layout_basic_swamp, nicolae_swamp_stair_fork
Swamp:3:  layout_basic_swamp, gammafunk_ghost_arena,
          nicolae_swamp_decorative_isthmus
Swamp:4:  swamp, layout_basic_swamp, swamp_pool2
Snake:1:  layout_onion_interference, nicolae_snake_coiling_death,
          grunt_megastairs_1
Snake:2:  layout_cave_town, serial_shops, nicolae_shop_overgrown_old_shop,
          nicolae_shop_firing_range, grunt_megastairs_4
Snake:3:  layout_cave_town, hangedman_snake_sidewinding, uniq_jorgrun
Snake:4:  grunt_snake_rune_pools, layout_misc_corridors
Orc:1:    layout_caves, basic_altar, statue_in_the_mist_lemuel, uniq_nergalle
Orc:2:    grunt_orc_cross, layout_caves, basic_altar,
          gammafunk_ghost_necromancy, special_room
Depths:1: layout_gridlike, minmay_misc_feat_roman, hell_entry,
          abyss_entry_flame_altar, rand_demon_pan_entry_1, st_stairs_8,
          hangedman_abyss_or_decor_stagger, elyvilon_altar_4
Depths:2: evilmike_cross, layout_cave_pools, serial_shops, shop,
          ebering_ghost_disaster_area, rand_demon_pan_entry_8, hell_entry,
          serial_bayou_pond_c, zin_statuary, infiniplex_staircase_pillars_1

Skill      XL: |  1  2  3  4  5  6  7  8  9 10 11 12 13 14 15 16 17 18 19 |
---------------+----------------------------------------------------------+-----
Axes           | 3 4 5 6 7 8 9 10 12 14 15 17 18 20 | 20.0
Fighting       | 4 5 6 7 9 10 14 18 20 | 20.0
Armour         | 4 5 7 9 10 13 14 | 14.7
Shields        | 4 5 7 |  7.3
Ranged Weapons | 5 9 11 13 14 16 18 20 21 | 21.0
Invocations    | 4 6 8 9 12 | 12.5
Dodging        | 5 9 |  9.1

Action                   |  1- 3 |  4- 6 |  7- 9 | 10-12 | 13-15 | 16-18 | 19-21 || total
-------------------------+-------+-------+-------+-------+-------+-------+-------++-------
Melee: War axe           |    77 |    88 |   343 |       |       |       |       ||   508
       Headbutt          |    11 |     8 |    81 |   119 |   236 |   234 |    36 ||   725
       Battleaxe         |       |       |    15 |   530 |   947 |   923 |   140 ||  2555
       Arbalest          |       |       |       |     1 |       |       |       ||     1
 Fire: Arbalest          |       |       |       |   225 |   476 |   356 |       ||  1057
       Triple crossbow   |       |       |       |       |       |   228 |    53 ||   281
Invok: Heroism           |       |       |       |     7 |     7 |    14 |     2 ||    30
       Finesse           |       |       |       |     6 |     9 |    13 |     1 ||    29
Evoke: Wand              |       |       |     4 |    13 |    10 |     5 |     1 ||    33
       Condenser vane    |       |       |       |       |     1 |     1 |       ||     2
  Use: Scroll            |     1 |     1 |    13 |    13 |    12 |     7 |     2 ||    49
       Potion            |       |     4 |     3 |     2 |     3 |     1 |     2 ||    15
 Stab: Invisible         |       |       |     1 |       |     2 |     3 |       ||     6
       Paralysed         |       |       |       |     4 |       |       |       ||     4
       Confused          |       |       |       |       |     2 |       |       ||     2
Armor: Scale mail        |    33 |    30 |    62 |       |       |       |       ||   125
       Chain mail        |       |       |   157 |   562 |   346 |       |       ||  1065
       Plate armour      |       |       |       |       |   263 |   819 |    87 ||  1169
Dodge: Dodged            |    37 |    27 |   148 |   316 |   656 |   962 |    89 ||  2235
Block: Buckler           |    15 |    18 |    70 |       |       |       |       ||   103

Table legend: (Time is in decaauts)
 A = Elapsed time spent in this place.
 B = Non-inter-level travel time spent in this place.
 C = Inter-level travel time spent in this place.
 D = Time resting spent in this place.
 E = Time spent auto-exploring this place.
 F = Levels seen in this place.
 G = Mean time per level.
                   A        B        C        D        E       F      G
               +--------+--------+--------+--------+--------+-----+--------+
         Total |  41826 |  39868 |   1958 |  12329 |  17825 |  34 | 1230.2 |
       Dungeon |  19834 |  18824 |   1010 |   5913 |   9343 |  15 | 1322.3 |
        Temple |     86 |     72 |     14 |      0 |     56 |   1 |   86.0 |
          Lair |   6348 |   5774 |    574 |   1142 |   3177 |   5 | 1269.6 |
         Swamp |   4946 |   4798 |    148 |   1803 |   1433 |   4 | 1236.5 |
     Snake Pit |   6208 |   6055 |    153 |   2299 |   2300 |   4 | 1552.0 |
  Orcish Mines |   1873 |   1837 |     36 |    309 |    681 |   2 |  936.5 |
        Depths |   2095 |   2075 |     20 |    802 |    771 |   2 | 1047.5 |
       Ossuary |    433 |    433 |      0 |     59 |     64 |   1 |  433.0 |
               +--------+--------+--------+--------+--------+-----+--------+

Top non-repeatable levels by time:
     D:9: 4435 daAuts
 Snake:4: 2467 daAuts
     D:8: 1822 daAuts
 Swamp:2: 1664 daAuts
Depths:1: 1596 daAuts
  Lair:2: 1575 daAuts
 Snake:3: 1562 daAuts
 Swamp:4: 1526 daAuts
   Orc:2: 1415 daAuts
  Lair:4: 1372 daAuts
  Lair:3: 1353 daAuts
     D:1: 1320 daAuts
     D:3: 1292 daAuts
    D:11: 1264 daAuts
    D:15: 1194 daAuts
